 Dungeon Crawl Stone Soup version 0.23.0-3-gf3c87f2df8 (webtiles) character file.

Game seed: 10300786976927621652

128 lilly the Cudgeler (level 4, -2/41 HPs)
             Began as a Minotaur Monk on Feb 21, 2019.
             Splashed by a jelly's acid (6 damage)
             ... on level 2 of the Dungeon.
             The game lasted 00:04:09 (1435 turns).

lilly the Cudgeler (Minotaur Monk)                  Turns: 1435, Time: 00:04:11

Health: -2/41      AC: -2    Str: 17    XL:     4   Next: 87%
Magic:  3/3        EV: 12    Int:  7    God:
Gold:   86         SH:  0    Dex: 12    Spells: 3/3 levels left

rFire    . . .     SeeInvis .   a - +0 mace
rCold    . . .     Gourm    .   (no shield)
rNeg     . . .     Faith    .   h - +0 ring mail
rPois    .         Spirit   .   (helmet restricted)
rElec    .         Reflect  .   (no cloak)
rCorr    .         Harm     .   (no gloves)
MR       .....                  (no boots)
Stlth    +.........             (no amulet)
HPRegen  0.13/turn              (no ring)
MPRegen  0.08/turn              (no ring)

@: corroded
A: retaliatory headbutt, horns 2
a: no special abilities


You were on level 2 of the Dungeon.
You were not hungry.

You visited 1 branch of the dungeon, and saw 2 of its levels.

You collected 86 gold pieces.

Inventory:

Hand Weapons
 a - a +0 mace (weapon)
Armour
 b - a +0 robe
 h - a +0 ring mail (worn)
Jewellery
 f - a cursed amulet of inaccuracy {unknown}
Wands
 p - a wand of flame (16)
Scrolls
 d - a scroll of identify {unknown}
 e - a scroll of enchant armour {unknown}
 k - a scroll of fear {unknown}
 l - 2 scrolls of immolation {unknown}
 n - a scroll of magic mapping {unknown}
Potions
 g - a potion of resistance {unknown}
 i - a potion of agility {unknown}
 j - 2 potions of mutation {unknown}
 m - a potion of degeneration {unknown}
 o - a potion of ambrosia {unknown}
 r - a potion of curing {unknown}
Comestibles
 c - 3 rations


   Skills:
 + Level 4.4 Fighting
 * Level 5.5 Maces & Flails
 + Level 1.0 Armour
 + Level 3.7 Dodging
 + Level 2.0 Stealth


You had 3 spell levels left.
You didn't know any spells.
Your spell library was empty.

Dungeon Overview and Level Annotations

Branches:
Dungeon (2/15)

Altars:
Vehumet


Innate Abilities, Weirdness & Mutations

You reflexively headbutt those who attack you in melee.
You have a pair of horns on your head.


Message History

The jelly is lightly wounded.
The jelly closely misses you. x2
You barely miss the jelly.
The jelly is lightly wounded.
The jelly misses you.
You hit the jelly but do no damage. The acid corrodes you!
Your hands burn!
You headbutt the jelly!
The jelly is heavily wounded.
The jelly hits you.
You are splashed with acid!
You completely miss the jelly. You headbutt the jelly.
The jelly is severely wounded.
The jelly hits you.
You are splashed with acid!
* * * LOW HITPOINT WARNING * * *
You hit the jelly but do no damage.
Your hands burn!
* * * LOW HITPOINT WARNING * * *
The jelly is severely wounded.
The jelly hits you.
* * * LOW HITPOINT WARNING * * *
You are splashed with acid.
You die...

#.# #..............## #.#
#########........ #.#
#######.#....## ####.#
#.....#.#....# ..##.#
#.....#.###### #.##.#
#......)...# #.##.# ##
##.........####
#.##.######...######.........#...
#(.............J@...........(..##
####..#####...############.##....
##.# ... #.##.##. #.# . #.##...<
#.# #.##.... #.# #.##[... #.#
#....... #[# ####.#.. #.# #.#..


You could see a jelly.

Vanquished Creatures
  Robin (D:2)
  3 gnolls (D:2)
  3 adders (D:2)
  2 oozes
  A worm (D:2)
  2 dart slugs (D:1)
  A leopard gecko (D:1)
  4 giant cockroaches
  5 hobgoblins
  3 kobolds
  3 bats
  2 frilled lizards (D:1)
  13 goblins
  6 rats
49 creatures vanquished.

Notes
Turn   | Place    | Note
-------+----------+-------------------------------------------
     0 | D:1      | lilly the Minotaur Monk began the quest for the Orb.
     0 | D:1      | Reached XP level 1. HP: 19/19 MP: 0/0
   121 | D:1      | Reached XP level 2. HP: 26/27 MP: 1/1
   165 | D:1      | Reached skill level 4 in Maces & Flails
   562 | D:2      | Reached XP level 3. HP: 33/33 MP: 2/2
   746 | D:2      | Reached skill level 5 in Maces & Flails
   746 | D:2      | Reached XP level 4. HP: 35/41 MP: 3/3
  1148 | D:2      | Noticed Robin
  1166 | D:2      | Killed Robin
  1168 | D:2      | Reached skill level 1 in Armour
  1278 | D:2      | Found a radiant altar of Vehumet.
  1435 | D:2      | Splashed by a jelly's acid

Skill      XL: |  1  2  3  4 |
---------------+-------------+-----
Fighting       | 4 |  4.4
Maces & Flails | 4 5 |  5.5
Stealth        | 2 |  2.0
Armour         | 1 |  1.0
Dodging        | |  3.7

Action                   |  1- 3 |  4- 6 || total
-------------------------+-------+-------++-------
Melee: Mace              |    45 |    47 ||    92
       Headbutt          |    11 |     6 ||    17
 Stab: Sleeping          |     4 |       ||     4
  Eat: Chunk             |       |     2 ||     2
Armor: Ring mail         |     8 |     9 ||    17
Dodge: Dodged            |    23 |    28 ||    51
